 Dungeon Crawl Stone Soup version 0.24-a0-264-gf46a388040 (webtiles) character file.

Game seed: 3779426592007158354

182724 JellyEater the Geomancer (level 18, -2/110 HPs)
             Began as a Gargoyle Earth Elementalist on Apr 20, 2019.
             Was a High Priest of Vehumet.
             Slain by Cigotuvi's Monster (13 damage)
             ... in a wizard's laboratory.
             The game lasted 02:06:33 (36039 turns).

JellyEater the Geomancer (GrEE)                    Turns: 36039, Time: 02:06:33

Health: -2/110     AC: 24    Str: 13    XL:     18   Next: 35%
Magic:  9/33       EV: 14    Int: 28    God:    Vehumet [*****.]
Gold:   2837       SH:  0    Dex: 13    Spells: 2/39 levels left

rFire    + + .     SeeInvis +   V - +9 eveningstar (holy)
rCold    + . .     Gourm    .   (no shield)
rNeg     + . .     Faith    .   f - +2 robe {rF+}
rPois    ∞         Spirit   .   E - +2 hat {Int+3}
rElec    +         Reflect  .   q - +1 cloak
rCorr    .         Harm     .   g - +3 pair of gloves "Zoicw" {*Corrode Dex+3}
MR       +....                  (no boots)
Stlth    ++........             (no amulet)
HPRegen  0.28/turn              Q - ring of protection from cold
MPRegen  0.23/turn              z - ring of the Serpent {rElec rF+ Int+4}

@: corroded, flying, constricted
A: big wings, talons 1, slimy green scales 1, see invisible, dopey 1, negative
energy resistance 1, electricity resistance, unbreathing, petrification
resistance, rot immunity, MP-powered wands, AC +13
a: Stop Flying, Renounce Religion


You were in a wizard's laboratory.
You worshipped Vehumet.
Vehumet was extremely pleased with you.
You were not hungry.

You visited 5 branches of the dungeon, and saw 26 of its levels.
You also visited: Sewer, Bailey, Gauntlet and Wizlab.

You collected 3404 gold pieces.
You spent 567 gold pieces at shops.

Inventory:

Hand Weapons
 c - the +6 quarterstaff of Spores {drain, *Contam +Blink rElec MR+}
   (You found it on level 14 of the Dungeon)

   A truly terrible weapon, it drains the life of those it strikes.
   It insulates you from electricity.
   It affects your resistance to hostile enchantments.
   It lets you blink.
   It causes magical contamination when unequipped.
 s - a +6 morningstar of freezing
 K - the +11 morningstar "Feriaqaf" {flame, rElec rPois}
   (You bought it in a shop on level 2 of the Orcish Mines)

   It has been specially enchanted to burn those struck by it, causing extra
   injury to most foes and up to half again as much damage against particularly
   susceptible opponents.
   It insulates you from electricity.
   It protects you from poison.
 V - a +9 eveningstar of holy wrath (weapon)
Missiles
 b - 283 stones (quivered)
 C - 4 throwing nets
Armour
 f - a +2 robe of fire resistance (worn)
 g - the +3 pair of gloves "Zoicw" (worn) {*Corrode Dex+3}
   (You found it in a Gauntlet)

   It affects your dexterity (+3).
   It may corrode you when you take damage.
 q - a +1 cloak (worn)
 r - a +1 pair of gloves
 E - a +2 hat of intelligence (worn)
Jewellery
 m - an uncursed ring of protection from magic
 w - an uncursed ring of wizardry
 y - an uncursed ring of protection from magic
 z - the ring of the Serpent (right hand) {rElec rF+ Int+4}
   (You found it in a Gauntlet)

   [ring of protection from fire]

   It affects your intelligence (+4).
   It protects you from fire.
   It insulates you from electricity.
 D - a +3 ring of intelligence
 Q - a ring of protection from cold (left hand)
Wands
 e - a wand of iceblast (3)
 k - a wand of enslavement (5)
 n - a wand of disintegration (25)
 v - a wand of acid (4)
 x - a wand of polymorph (11)
 B - a wand of flame (35)
 G - a wand of random effects (14)
 O - a wand of clouds (6)
Scrolls
 h - 7 scrolls of teleportation
 i - 7 scrolls of remove curse
 j - a scroll of amnesia
 u - 5 scrolls of identify
 H - 2 scrolls of immolation
 N - 2 scrolls of silence
 T - a scroll of fog
Potions
 a - 9 potions of lignification
 l - 3 potions of curing
 p - 5 potions of agility
 A - 17 potions of mutation
 F - 2 potions of ambrosia
 I - a potion of cancellation
 L - a potion of invisibility
 M - a potion of brilliance
Miscellaneous
 S - a phial of floods
Comestibles
 d - 37 rations


   Skills:
 + Level 11.6 Fighting
 + Level 10.6 Maces & Flails
 - Level 6.0 Armour
 + Level 9.3 Dodging
 - Level 2.1 Stealth
 + Level 11.2 Spellcasting
 + Level 12.3 Conjurations
   Level 0.7 Transmutations
 * Level 12.3 Fire Magic
 + Level 14.0 Earth Magic
 + Level 7.5 Evocations


You had 2 spell levels left.
You knew the following spells:

 Your Spells              Type           Power        Failure   Level  Hunger
a - Sandblast             Erth           ######       0%          1    None
b - Stone Arrow           Conj/Erth      ######       1%          3    None
c - Lee's Rapid Deconstr  Erth           #######...   1%          5    ###....
d - Bolt of Magma         Conj/Fire/Erth ######....   1%          5    ###....
e - Iron Shot             Conj/Erth      ######....   1%          6    #####..
f - Bolt of Fire          Conj/Fire      ######....   1%          6    #####..
g - Fireball              Conj/Fire      ######....   1%          5    ###....
h - Poison Arrow          Conj/Pois      ######....   12%         6    #####..

Your spell library contained the following spells:

 Spells                   Type           Power        Failure   Level  Hunger
 Flame Tongue             Conj/Fire      #####        0%          1    None
 Freeze                   Ice            ###.         1%          1    None
 Passwall                 Tmut/Erth      ######..     1%          2    None
 Throw Flame              Conj/Fire      ######       1%          2    None
 Throw Frost              Conj/Ice       ######       1%          2    None
 Corona                   Hex            ###....      3%          1    None
 Infusion                 Chrm           ###.         3%          1    None
 Summon Small Mammal      Summ           ###.         3%          1    None
 Blink                    Tloc           N/A          5%          2    None
 Call Imp                 Summ           ###.....     5%          2    None
 Ensorcelled Hibernation  Hex/Ice        ###...       5%          2    None
 Poisonous Vapours        Pois/Air       ###...       5%          2    None
 Shroud of Golubria       Chrm/Tloc      ###.......   5%          2    None
 Song of Slaying          Chrm           ###.....     5%          2    None
 Swiftness                Chrm/Air       ###.....     5%          2    None
 Conjure Flame            Conj/Fire      ######..     1%          3    None
 Dazzling Spray           Conj/Hex       ######       1%          3    None
 Inner Flame              Hex/Fire       ######..     1%          3    None
 Mephitic Cloud           Conj/Pois/Air  #####...     1%          3    None
 Leda's Liquefaction      Hex/Erth       ######....   1%          4    None
 Petrify                  Tmut/Erth      ######..     1%          4    None
 Sticky Flame             Conj/Fire      ######..     1%          4    None
 Throw Icicle             Conj/Ice       ######..     1%          4    None
 Iskenderun's Battlesphe  Conj/Chrm      ######..     2%          5    ###....
 Borgnjor's Vile Clutch   Necr/Erth      ######....   5%          5    ###....
 Call Canine Familiar     Summ           ###.....     11%         3    None
 Confuse                  Hex            ###.....     11%         3    None
 Gell's Gravitas          Tloc           ###.......   11%         3    None
 Lesser Beckoning         Tloc           ###.......   11%         3    None
 Ozocubu's Armour         Chrm/Ice       ###.....     11%         3    None
 Regeneration             Chrm/Necr      ###.......   11%         3    None
 Spectral Weapon          Hex/Chrm       ###.....     11%         3    None
 Summon Guardian Golem    Hex/Summ       ###.....     11%         3    None
 Teleport Other           Tloc           ###.....     11%         3    None
 Tukima's Dance           Hex            ###.....     11%         3    None
 Freezing Cloud           Conj/Ice/Air   #####.....   24%         6    #####..
 Cause Fear               Hex            ###.......   34%         4    None
 Passage of Golubria      Tloc           N/A          34%         4    None
 Summon Ice Beast         Ice/Summ       ###.....     34%         4    None
 Summon Lightning Spire   Summ/Air       ###.....     34%         4    None
 Aura of Abjuration       Summ           ###.......   69%         5    ###....
 Silence                  Hex/Air        ###.......   69%         5    ###....
 Summon Mana Viper        Hex/Summ       ###.....     69%         5    ###....
 Shatter                  Erth           #######...   93%         9    #######
 Ring of Flames           Chrm/Fire      ######....   94%         7    ######.
 Darkness                 Hex            ###.......   99%         6    #####..
 Invisibility             Hex            ###.....     99%         6    #####..
 Shadow Creatures         Summ           N/A          99%         6    #####..
 Dragon Form              Tmut           ###.......   100%        7    ######.
 Dragon's Call            Summ           ###.......   100%        9    #######
 Statue Form              Tmut/Erth      Unusable     N/A         6    N/A

Dungeon Overview and Level Annotations

Branches:
Dungeon (15/15)            Temple (1/1) D:7            Lair (6/6) D:10
 Shoals (0/4) Lair:3        Snake (0/4) Lair:2        Slime (0/5) Lair:5
    Orc (2/2) D:9             Elf (2/3) Orc:2        Vaults (0/5) D:13
 Depths (0/5) D:15

Altars:
Ashenzari
Cheibriados
Dithmenos
Elyvilon
Fedhas
Gozag
Hepliaklqana
Kikubaaqudgha
Makhleb
Nemelex Xobeh
Okawaru
Qazlal
Ru
Sif Muna
Trog
Uskayaw
Vehumet
Wu Jian
Xom
Yredelemnul
Zin
The Shining One
Jiyva

Shops:
D:5 *   Orc:2 !***

Annotations:
D:5 2 transporters, whodunnit's ghost, novice HuGl


Innate Abilities, Weirdness & Mutations

You are resistant to torment.
Your stone body is resilient. (AC +13)
You are immune to poison.
Your large and strong wings let you fly indefinitely.
You resist negative energy. (rN+)
You are resistant to electric shocks. (rElec)
You can survive without breathing.
You are immune to petrification.
You are immune to rotting.
You have sharp toenails.
You are partially covered in slimy green scales. (AC +2)
You have supernaturally acute eyesight. (SInv)
You are dopey. (Int -2)
You expend magic power (3 MP) to strengthen your wands.


Message History

Cigotuvi's Monster grabs you.
* * * LOW HITPOINT WARNING * * *
Cigotuvi's Monster constricts you!
Blink to where?
Press: ? - help, Dir - move target cursor, p - Cigotuvi's Monster Cigotuvi's Monster's grasp on you weakens, but your attempt to escape fails.
As you read the scroll of blinking, it crumbles to dust.
Cigotuvi's Monster hits you but does no damage.
Cigotuvi's Monster tramples you.
* * * LOW HITPOINT WARNING * * *
You hold your ground!
Cigotuvi's Monster closely misses you.
* * * LOW HITPOINT WARNING * * *
Cigotuvi's Monster constricts you!
Unknown command.
Unknown command.
Unknown command.
You feel better. Cigotuvi's Monster hits you!
* * * LOW HITPOINT WARNING * * *
Cigotuvi's Monster tramples you!
You die...

######...####....p#...#ux
##.#####'## ###..#.†.#x.
#....#...# ####.#...#..
#....'...## #..####'####
#....##...# §§§§##...#p#
##..####..# .uuuu#...#o.
#### #..# ..§u.#...#..
#..# §§§§##...#.. ##@#
#.§####'#### .....†H..#
######...##. .........#
...oe#...#u. .........#
....u#...#.. ..........
.....#...#.. ....#.....#
#...###'#### |??####.###
#### #∩# ### ### ###


You could see Cigotuvi's Monster.

Vanquished Creatures
  Rupert (D:15)
  Jorgrun (D:14)
  Agnes (D:14)
  An orc warlord (Bailey)
  Louise (D:15)
  2 very ugly things (WizLab)
  A stone giant (Orc:2)
  A deep elf demonologist (Elf:1)
  A dire elephant (D:15)
  A deep elf annihilator (Elf:1)
  A minotaur (Gauntlet)
  Azrael (D:14)
  Josephine (D:15)
  Erolcha (D:9)
  Harold (D:8)
  7 hydras
  A catoblepas (D:13)
  3 centaur warriors
  A death knight (D:15)
  5 two-headed ogres
  3 dancing weapons (Elf:1)
  5 tengu warriors (D:15)
  3 death yaks (Lair:4)
  Sonja (D:12)
  An iron golem (WizLab)
  8 deep elf knights
  2 wizards
  An unseen horror (D:13)
  9 deep elf archers
  Pikel (D:7)
  28 deep elf magi
  A harpy (shapeshifter) (D:14)
  A necromancer (D:13)
  An orc sorcerer (Orc:2)
  3 orc knights (Orc:2)
  5 manticores
  10 ugly things
  Maurice (D:13)
  3 cyclopes
  A centaur zombie (D:15)
  5 elephants (Lair:3)
  6 black mambas
  9 spiny frogs
  11 rime drakes
  3 gargoyles
  8 komodo dragons
  A redback zombie (D:13)
  2 kobold demonologists (D:13)
  A queen bee (shapeshifter) (WizLab)
  A queen bee (D:11)
  2 ice devils (D:15)
  3 trolls
  2 polar bears
  2 hornets (Lair:6)
  A hornet (shapeshifter) (WizLab)
  A meliai zombie (D:15)
  Prince Ribbit (D:7)
  14 hippogriffs
  A slime creature (D:15)
  12 dream sheep
  17 blink frogs
  Sigmund (D:2)
  13 spriggans (Lair:6)
  3 wraiths (D:15)
  2 shadows
  6 flying skulls (Gauntlet)
  A redback (shapeshifter) (WizLab)
  8 wyverns
  A vampire (D:13)
  41 yaks
  4 fire elementals
  3 steam dragons
  13 basilisks
  6 large abominations (WizLab)
  6 vampire mosquitoes
  A chaos spawn (Gauntlet)
  3 hungry ghosts
  Menkaure (D:5)
  4 wargs
  18 water moccasins
  2 acid dragons
  5 hell hounds
  2 soldier ants
  6 porcupines
  Duvessa (D:7)
  A swamp drake (D:13)
  4 phantoms
  26 orc warriors
  An eye of draining (Bailey)
  6 black bears
  2 ice beasts
  A necrophage (D:7)
  5 boggarts (Lair:6)
  58 wolves
  16 ogres
  22 centaurs
  13 crocodiles
  6 small abominations (WizLab)
  8 big kobolds
  18 bullfrogs
  2 gnoll sergeants (D:9)
  A wyvern zombie (D:11)
  An earth elemental (Elf:1)
  Dowan (D:7)
  A wyvern skeleton (D:9)
  A water moccasin skeleton (D:8)
  3 scorpions
  16 killer bees
  14 wights
  4 howler monkeys
  6 crimson imps
  A lava snake (D:12)
  7 hounds
  3 jellies
  3 centaur skeletons
  9 orc priests
  11 orc wizards
  A bullfrog skeleton (D:12)
  9 iguanas
  11 worker ants
  2 hound zombies
  A hound skeleton (D:7)
  A howler monkey zombie (D:6)
  A worker ant zombie (D:10)
  3 gnolls (D:9)
  15 adders
  3 shadow imps
  7 oozes
  An adder zombie (D:5)
  6 worms
  2 dart slugs (D:1)
  13 leopard geckos
  52 orcs
  9 ball pythons
  11 giant cockroaches
  16 goblins
  10 hobgoblins
  6 jackals
  36 kobolds
  4 quokkas
  13 bats
  13 frilled lizards
  A jackal skeleton (D:6)
  A leopard gecko skeleton (D:4)
  A quokka skeleton (D:5)
  7 rats
902 creatures vanquished.

Vanquished Creatures (collateral kills)
  A queen bee (Gauntlet)
  A chaos spawn (Gauntlet)
  A neqoxec (Gauntlet)
  3 killer bees (Gauntlet)
6 creatures vanquished.

Vanquished Creatures (others)
  An unseen horror (D:11)
  3 yaks
  An orc wizard (Orc:2)
  A shadow imp (D:11)
  3 orcs
  7 fungi
  34 plants
50 creatures vanquished.

Grand Total: 958 creatures vanquished

Notes
Turn   | Place    | Note
-------+----------+-------------------------------------------
     0 | D:1      | JellyEater the Gargoyle Earth Elementalist began the quest
                  | for the Orb.
     0 | D:1      | Reached XP level 1. HP: 10/10 MP: 3/3
    85 | D:1      | Reached skill level 4 in Earth Magic
    85 | D:1      | Reached XP level 2. HP: 15/15 MP: 1/5
   725 | D:1      | Reached XP level 3. HP: 16/19 MP: 6/6
   730 | D:1      | Learned a level 3 spell: Stone Arrow
  1344 | D:2      | Reached skill level 1 in Conjurations
  1353 | D:2      | Reached XP level 4. HP: 15/24 MP: 1/8
  1561 | D:2      | Found a faded altar of an unknown god.
  1585 | D:2      | Found a glowing golden altar of the Shining One.
  1662 | D:2      | Noticed Sigmund
  1669 | D:2      | Killed Sigmund
  1669 | D:2      | Reached skill level 5 in Earth Magic
  1669 | D:2      | Reached XP level 5. HP: 13/28 MP: 4/10
  1669 | D:2      | Reached XP level 6. HP: 15/32 MP: 4/11
  1745 | D:2      | Learned a level 5 spell: Lee's Rapid Deconstruction
  2099 | D:3      | Found a glowing drain.
  2211 | Sewer    | Entered a sewer
  2793 | Sewer    | Reached skill level 6 in Earth Magic
  2902 | Sewer    | Reached XP level 7. HP: 36/36 MP: 10/13
  3420 | D:3      | Found an iron altar of Okawaru.
  3423 | D:3      | Found a blossoming altar of Fedhas.
  3708 | D:3      | Found a hazy altar of Hepliaklqana.
  4096 | D:4      | Reached skill level 7 in Earth Magic
  4112 | D:4      | Reached skill level 5 in Spellcasting
  4508 | D:5      | Entered Level 5 of the Dungeon
  4509 | D:5      | Found a transporter.
  4519 | D:5      | Reached XP level 8. HP: 31/41 MP: 13/15
  4526 | D:5      | Found a transporter.
  4808 | D:5      | Found Ewaant's General Store.
  4823 | D:5      | Reached skill level 5 in Conjurations
  4947 | D:5      | Reached skill level 1 in Fighting
  5010 | D:5      | Noticed Menkaure
  5024 | D:5      | Killed Menkaure
  5024 | D:5      | Reached skill level 1 in Armour
  5078 | D:5      | Noticed a hornet
  5177 | D:5      | Noticed a moth of wrath
  5180 | D:5      | Found a bloodstained altar of Trog.
  5685 | D:5      | Found an ornate altar of the Wu Jian Council.
  5700 | D:5      | Noticed whodunnit's ghost (novice HuGl)
  6004 | D:6      | Reached skill level 1 in Maces & Flails
  6004 | D:6      | Reached skill level 1 in Evocations
  6374 | D:6      | Found a sacrificial altar of Ru.
  6770 | D:7      | Got a wizard robe
  6782 | D:7      | Identified the +1 robe of Melancholy {-Tele rN+ Str+4} (You
                  | found it on level 7 of the Dungeon)
  6858 | D:7      | Noticed Pikel
  6875 | D:7      | Killed Pikel
  6875 | D:7      | Reached XP level 9. HP: 38/49 MP: 8/17
  6953 | D:7      | Reached skill level 8 in Earth Magic
  7004 | D:7      | Found a staircase to the Ecumenical Temple.
  7031 | D:7      | Noticed Prince Ribbit
  7031 | D:7      | Noticed Duvessa
  7049 | D:7      | Noticed Dowan
  7053 | Temple   | Entered the Ecumenical Temple
  7142 | Temple   | Became a worshipper of Vehumet
  7220 | D:7      | Killed Duvessa
  7226 | D:7      | Killed Dowan
  7289 | D:7      | Killed Prince Ribbit
  7589 | D:7      | Gained mutation: You are partially covered in slimy green
                  | scales. (AC +2) [potion of mutation]
  7589 | D:7      | Gained mutation: You have supernaturally acute eyesight.
                  | (SInv) [potion of mutation]
  7589 | D:7      | Gained mutation: You expend magic power (3 MP) to
                  | strengthen your wands. [potion of mutation]
  8161 | D:8      | Reached XP level 10. HP: 17/56 MP: 10/19
  8406 | D:8      | Found a basalt altar of Yredelemnul.
  8724 | D:8      | Noticed Harold
  8728 | D:8      | Killed Harold
  8728 | D:8      | Reached * piety under Vehumet
  8728 | D:8      | Offered knowledge of Sting by Vehumet.
  9434 | D:9      | Found a shadowy altar of Dithmenos.
  9556 | D:9      | Noticed Erolcha
  9573 | D:9      | Killed Erolcha
  9573 | D:9      | Reached skill level 9 in Earth Magic
  9733 | D:9      | Got a translucent leather armour
  9744 | D:9      | Identified the +0 leather armour of the Moon {rN+} (You
                  | found it on level 9 of the Dungeon)
  9912 | D:9      | Reached skill level 5 in Fighting
  9963 | D:9      | Found a staircase to the Orcish Mines.
  9970 | D:9      | Reached skill level 5 in Armour
  9970 | D:9      | Reached XP level 11. HP: 38/64 MP: 15/21
  9970 | D:9      | Offered knowledge of Shock by Vehumet.
  9970 | D:9      | Reached ** piety under Vehumet
 10314 | D:9      | Found a shimmering altar of Xom.
 10320 | D:9      | Noticed a two-headed ogre
 10326 | D:9      | Killed a two-headed ogre
 10898 | D:10     | Entered Level 10 of the Dungeon
 10906 | D:10     | Reached skill level 5 in Maces & Flails
 10949 | D:10     | Found a staircase to the Lair.
 11195 | D:10     | Offered knowledge of Throw Flame by Vehumet.
 11716 | D:11     | Noticed a manticore
 11731 | D:11     | Noticed an unseen horror
 11744 | D:11     | Reached *** piety under Vehumet
 11745 | D:11     | Noticed a white ugly thing
 11747 | D:11     | Killed an unseen horror
 11747 | D:11     | Reached skill level 5 in Dodging
 11750 | D:11     | Found a gate leading to a gauntlet.
 11753 | Gauntlet | Entered a Gauntlet
 11753 | Gauntlet | Found a transporter.
 11753 | Gauntlet | Found a transporter.
 11753 | Gauntlet | Noticed a glowing orange brain
 11753 | Gauntlet | Noticed a white ugly thing
 11759 | Gauntlet | Noticed a green ugly thing
 11913 | Gauntlet | Found a transporter.
 11921 | Gauntlet | Noticed a fire crab
 11922 | Gauntlet | Found a transporter.
 11937 | Gauntlet | Found a transporter.
 11944 | Gauntlet | Found a transporter.
 11961 | Gauntlet | Found a transporter.
 11969 | Gauntlet | Found a transporter.
 11987 | Gauntlet | Found a transporter.
 12029 | Gauntlet | Found a transporter.
 12030 | Gauntlet | Found a transporter.
 12039 | Gauntlet | Found a transporter.
 12151 | Gauntlet | Got a pair of smoking gloves
 12164 | Gauntlet | Identified the +3 pair of gloves "Zoicw" {*Corrode Dex+3}
                  | (You found it in a Gauntlet)
 12313 | Gauntlet | Gained mutation: You are dopey. (Int -2) [a neqoxec]
 12316 | Gauntlet | Gained mutation: You have sharp toenails. [a neqoxec]
 12321 | Gauntlet | Reached skill level 10 in Earth Magic
 12321 | Gauntlet | Reached skill level 5 in Evocations
 13052 | Gauntlet | Identified the +5 trident "Icydade" {pain, rC+ MP+9}
 13052 | Gauntlet | Noticed a minotaur
 13069 | Gauntlet | Killed a minotaur
 13179 | Gauntlet | Got a clouded lapis lazuli ring
 13181 | Gauntlet | Identified the ring of the Serpent {rElec rF+ Int+4} (You
                  | found it in a Gauntlet)
 13261 | D:11     | Killed a manticore
 13261 | D:11     | Reached XP level 12. HP: 43/71 MP: 17/23
 13262 | D:11     | Offered knowledge of Conjure Flame by Vehumet.
 13475 | D:11     | Noticed a five-headed hydra
 13494 | D:11     | Killed a five-headed hydra
 13565 | D:11     | Reached **** piety under Vehumet
 13821 | D:11     | Offered knowledge of Airstrike by Vehumet.
 14188 | D:12     | Noticed a two-headed ogre
 14194 | D:12     | Killed a two-headed ogre
 14463 | D:12     | Noticed Sonja
 14473 | D:12     | Killed Sonja
 14936 | D:13     | Noticed a catoblepas
 14940 | D:13     | Noticed a centaur warrior
 14953 | D:13     | Noticed a two-headed ogre
 14964 | D:13     | Killed a two-headed ogre
 14967 | D:13     | Reached skill level 11 in Earth Magic
 14973 | D:13     | Noticed a two-headed ogre
 14978 | D:13     | Killed a two-headed ogre
 15052 | D:13     | Found a flagged portal.
 15061 | Bailey   | Entered a bailey
 15230 | Bailey   | Noticed an orc warlord
 15410 | Bailey   | Reached XP level 13. HP: 78/78 MP: 15/25
 15417 | Bailey   | Reached ***** piety under Vehumet
 15450 | Bailey   | Found a runed translucent gate.
 15450 | Bailey   | Found a runed translucent gate.
 15501 | Bailey   | Offered knowledge of Bolt of Fire by Vehumet.
 15517 | Bailey   | Learned a level 6 spell: Bolt of Fire
 15534 | Bailey   | Found a runed translucent gate.
 16030 | Bailey   | Killed an orc warlord
 16237 | Bailey   | Learned a level 5 spell: Bolt of Magma
 16244 | Bailey   | Learned a level 6 spell: Iron Shot
 16254 | Bailey   | Identified Sif Muna's Volume of Lucky Execration
 17326 | D:13     | Found a gate to the Vaults.
 17373 | D:13     | Noticed Maurice
 17376 | D:13     | Killed Maurice
 17830 | D:14     | Reached skill level 10 in Conjurations
 17976 | D:14     | Noticed Jorgrun
 18440 | D:14     | Killed Jorgrun
 18500 | D:14     | Noticed Azrael
 18505 | D:14     | Killed Azrael
 18991 | D:14     | Reached skill level 12 in Earth Magic
 19101 | D:14     | Gained mutation: Your large and strong wings let you fly
                  | indefinitely. [Gargoyle growth]
 19101 | D:14     | Reached XP level 14. HP: 47/86 MP: 9/27
 19447 | D:14     | Noticed Agnes
 19477 | D:14     | Killed Agnes
 19610 | D:14     | You are sucked into a shaft!
 19610 | D:15     | Entered Level 15 of the Dungeon
 19784 | D:15     | Noticed Louise
 19784 | D:15     | Noticed Rupert
 19859 | D:15     | Noticed Josephine
 19938 | D:14     | Offered knowledge of Fireball by Vehumet.
 19956 | D:14     | Learned a level 5 spell: Fireball
 19960 | D:14     | Got a polished quarterstaff
 19961 | D:14     | Identified the +6 quarterstaff of Spores {drain, *Contam
                  | +Blink rElec MR+} (You found it on level 14 of the Dungeon)
 20194 | D:14     | Reached XP level 15. HP: 56/91 MP: 20/28
 20195 | D:14     | Reached XP level 16. HP: 60/96 MP: 20/29
 20428 | Lair:1   | Entered Level 1 of the Lair of Beasts
 21760 | Lair:2   | Found a staircase to the Snake Pit.
 22733 | Lair:3   | Reached skill level 10 in Spellcasting
 22734 | Lair:3   | Reached skill level 10 in Fighting
 23000 | Lair:3   | Offered knowledge of Lightning Bolt by Vehumet.
 23428 | Lair:3   | Found a staircase to the Shoals.
 23640 | Lair:4   | Found an opulent altar of Gozag.
 24038 | Lair:4   | Reached skill level 10 in Fire Magic
 24270 | Lair:4   | Reached skill level 13 in Earth Magic
 24709 | Lair:5   | Found a runed translucent door.
 24710 | Lair:5   | Found a viscous altar of Jiyva.
 24766 | Lair:5   | Found a staircase to the Slime Pits.
 25575 | Lair:6   | Entered Level 6 of the Lair of Beasts
 25580 | Lair:6   | Offered knowledge of Ozocubu's Refrigeration by Vehumet.
 25585 | Lair:6   | Reached XP level 17. HP: 77/103 MP: 15/31
 27095 | Lair:6   | Offered knowledge of Freezing Cloud by Vehumet.
 28275 | Orc:1    | Entered Level 1 of the Orcish Mines
 28420 | Orc:2    | Entered Level 2 of the Orcish Mines
 28792 | Orc:2    | Offered knowledge of Bolt of Cold by Vehumet.
 28816 | Orc:2    | Found Xaisas's Distillery.
 28817 | Orc:2    | Found Leka's Assorted Antiques.
 28817 | Orc:2    | Found Xoelijodu's Assorted Antiques.
 28821 | Orc:2    | Found Viwuivecs's General Store.
 29078 | Orc:2    | Found a staircase to the Elven Halls.
 29098 | Orc:2    | Bought a scroll labeled FAXAUFFA RYFU for 23 gold pieces
 29178 | Orc:2    | Bought a shimmering morningstar for 297 gold pieces
 29178 | Orc:2    | Bought a scroll of enchant weapon for 247 gold pieces
 29178 | Orc:2    | Identified the +11 morningstar "Feriaqaf" {flame, rElec
                  | rPois} (You bought it in a shop on level 2 of the Orcish
                  | Mines)
 30518 | D:15     | Reached skill level 10 in Maces & Flails
 30865 | D:15     | Killed Rupert
 31047 | D:15     | Killed Louise
 31194 | D:15     | Killed Josephine
 31553 | D:15     | Found a staircase to the Depths.
 31929 | Elf:1    | Entered Level 1 of the Elven Halls
 33544 | Elf:1    | Reached XP level 18. HP: 110/110 MP: 26/33
 34347 | Elf:1    | Identified the Compendium of Creation
 34565 | Elf:1    | Identified a scroll of acquirement
 35152 | Elf:2    | Reached skill level 14 in Earth Magic
 35179 | Elf:2    | Found a magical portal.
 35184 | WizLab   | Entered Cigotuvi's Fleshworks
 35949 | WizLab   | Offered knowledge of Poison Arrow by Vehumet.
 35957 | WizLab   | Learned a level 6 spell: Poison Arrow
 36028 | WizLab   | Noticed Cigotuvi's Monster
 36039 | WizLab   | Slain by Cigotuvi's Monster

Levels and vault maps discovered:
D:1:      lemuel_arrival_room, layout_basic
D:2:      layout_rooms, chequers_ecumenical_altar_simple,
          chequers_decorated_corner, tso_altar, uniq_sigmund
D:3:      layout_loops_cross, lemuel_round_altar, grunt_temple_overflow_open,
          gup_sewer_entry_glass
D:4:      layout_cave_pools
D:5:      layout_rooms, tgw_trog, lemuel_round_altar, serial_glass,
          glass_columns_a, glass_columns_b, serial_shops, shop_fountains,
          first_ration, gammafunk_ghost_hive, uniq_menkaure
D:6:      layout_basic, nicolae_ru_great_annihilating_truth
D:7:      layout_basic, minmay_temple_entry_gardened_gates, uniq_pikel,
          uniq_prince_ribbit1, uniq_duvessa
D:8:      layout_layer_cave, yredelemnul_altar_generic, uniq_harold
D:9:      layout_stronghold, grunt_dithmenos_smoke_and_mirrors,
          lemuel_doored_altar, kennysheep_orc_monster_closet_entryway,
          uniq_erolcha
D:10:     layout_irregular_city, dpeg_oklobed_lair
D:11:     layout_rooms, gauntlet_entry_generic, david_nohive_1
D:12:     layout_loops_cross, kennysheep_cross_room, uniq_sonja
D:13:     layout_basic, david_vaults_1, enter_bailey_2, uniq_maurice
D:14:     layout_long_grid, serial_park_square3 [serial_park_minivault_5x5_5],
          uniq_jorgrun, uniq_agnes, uniq_azrael
D:15:     hangedman_depths_entry_try_elsewhere_first, layout_irregular_city,
          portal_ice_cave_demonic_guard, wad_floor_pattern_untrapped,
          uniq_louise, uniq_josephine, uniq_rupert
Temple:   nicolae_temple_god_jail
Lair:1:   layout_small_grid, grunt_forest_large_clearings
Lair:2:   layout_loops_ring, minmay_snake_entry_six_corridors
Lair:3:   beast_lair_carwin_large_4, layout_loops_ring,
          minmay_shoals_entry_centaurs, grunt_forest_stairs_basic, st_stairs_13,
          minmay_holes
Lair:4:   layout_cave_pods, basic_altar, special_room
          [special_room_mythical_zoo]
Lair:5:   layout_small_grid, slime_altar_2
Lair:6:   minmay_lair_end_enchanted_forest, layout_regular_city,
          serial_bayou_pond_d
Orc:1:    layout_diamond_mine
Orc:2:    st_orc_rangers, layout_caves, mines_bat_river
Elf:1:    eino_elf_arrival_customs, layout_onion_city, minmay_elf_demonology,
          nicolae_elf_glass_and_crystal_pillar_1
Elf:2:    layout_gridlike, serial_shops, shop_statue,
          infiniplex_enter_wizlab_spiral, nicolae_elf_stone_circles,
          grunt_ministairs_7, lemuel_flamethrower_3, uniq_asterion, uniq_roxanne
Sewer:    sewer_frog_island_01
Bailey:   bailey_axe_bossmonster_kennysheep, bailey
WizLab:   wizlab_cigotuvi
Gauntlet: gammafunk_gauntlet_shortcut [gammafunk_gauntlet_arena_chambers,
          gammafunk_gauntlet_arena_corners,
          gammafunk_gauntlet_arena_split_diamond, gammafunk_gauntlet_arena_open,
          nicolae_gauntlet_arena_x, gammafunk_gauntlet_arena_mazey,
          nicolae_gauntlet_exit_dead_adventurers]

Skill      XL: |  1  2  3  4  5  6  7  8  9 10 11 12 13 14 15 16 17 18 |
---------------+-------------------------------------------------------+-----
Earth Magic    | 4 5 6 7 8 9 10 11 12 13 14 | 14.0
Conjurations   | 1 3 4 5 6 7 8 9 10 11 12 | 12.3
Spellcasting   | 3 4 5 6 7 8 9 10 11 | 11.2
Fighting       | 2 4 5 6 7 9 10 11 | 11.6
Armour         | 2 3 5 6 |  6.0
Dodging        | 2 3 4 5 6 7 8 9 |  9.3
Maces & Flails | 2 3 4 5 7 8 9 10 | 10.6
Evocations     | 2 3 4 5 6 7 |  7.5
Fire Magic     | 6 8 10 11 12 | 12.3
Stealth        | |  2.1
Transmutations | |  0.7

Action                   |  1- 3 |  4- 6 |  7- 9 | 10-12 | 13-15 | 16-18 || total
-------------------------+-------+-------+-------+-------+-------+-------++-------
Melee: Unarmed           |    23 |       |       |       |       |       ||    23
       Short sword       |    92 |   174 |    64 |       |       |       ||   330
       Long sword        |       |       |    79 |       |       |       ||    79
       Spear             |       |       |   123 |   136 |       |       ||   259
       Dagger            |       |       |     7 |       |       |       ||     7
       Morningstar       |       |       |       |   153 |   148 |       ||   301
       Kick              |       |       |       |    20 |    42 |   260 ||   322
       Quarterstaff      |       |       |       |       |     9 |  1117 ||  1126
       Eveningstar       |       |       |       |       |       |    57 ||    57
 Cast: Sandblast         |    21 |    30 |   123 |   177 |    68 |    47 ||   466
       Stone Arrow       |       |       |     5 |    23 |     9 |       ||    37
       Lee's Rapid Decon |       |       |       |    27 |     8 |    16 ||    51
       Bolt of Fire      |       |       |       |       |    31 |   110 ||   141
       Iron Shot         |       |       |       |       |    32 |    50 ||    82
       Fireball          |       |       |       |       |       |    30 ||    30
       Bolt of Magma     |       |       |       |       |       |     1 ||     1
 Abil: Fly               |       |       |       |       |     1 |       ||     1
Evoke: Wand              |       |       |       |    24 |     1 |     2 ||    27
  Use: Scroll            |     4 |     2 |    10 |    13 |     5 |    21 ||    55
       Potion            |       |       |     4 |     9 |    13 |     5 ||    31
 Stab: Sleeping          |     1 |       |     7 |     3 |       |     3 ||    14
       Paralysed         |       |       |       |     1 |       |       ||     1
  Eat: Chunk             |     2 |     5 |    18 |    23 |    17 |    68 ||   133
       Ration            |       |       |       |     2 |     6 |    10 ||    18
Armor: Robe              |    41 |    70 |   117 |   216 |   154 |   748 ||  1346
Dodge: Dodged            |    91 |   157 |   230 |   365 |   271 |  1382 ||  2496
       Rpst.: Long sword |       |       |    19 |       |       |       ||    19

Table legend:
 A = Non-vault XP
 B = Vault XP
 C = Vault XP percentage of total XP
 D = Non-vault monster count
 E = Vault monster count
 F = Vault count percentage of total count
                 A         B        C        D         E       F
            +---------+---------+-------+---------+---------+-------
      Total |  110865 |   78982 |  41.6 |     552 |     359 |  39.4
            +---------+---------+-------+---------+---------+-------
        D:1 |      62 |       0 |   0.0 |      27 |       0 |   0.0
        D:2 |      68 |     231 |  77.3 |      24 |       1 |   4.0
        D:3 |     161 |      32 |  16.6 |      17 |       5 |  22.7
        D:4 |     400 |       0 |   0.0 |      15 |       0 |   0.0
        D:5 |     191 |     189 |  49.7 |      15 |       6 |  28.6
        D:6 |     622 |      45 |   6.7 |      18 |       4 |  18.2
        D:7 |     855 |    1129 |  56.9 |      15 |       4 |  21.1
        D:8 |    1081 |    1002 |  48.1 |      18 |       1 |   5.3
        D:9 |    2081 |    2725 |  56.7 |      22 |      21 |  48.8
       D:10 |    2705 |       0 |   0.0 |      23 |       0 |   0.0
       D:11 |    5081 |    1057 |  17.2 |      29 |      13 |  31.0
       D:12 |    3836 |     807 |  17.4 |      30 |       1 |   3.2
       D:13 |    6440 |    3938 |  37.9 |      36 |       6 |  14.3
       D:14 |    9030 |    8751 |  49.2 |      32 |      14 |  30.4
       D:15 |   14898 |    9619 |  39.2 |      30 |      11 |  26.8
     Temple |     126 |       0 |   0.0 |       2 |       0 |   0.0
     Lair:1 |    3774 |    3604 |  48.8 |      15 |      30 |  66.7
     Lair:2 |    1801 |    1886 |  51.2 |       9 |      14 |  60.9
     Lair:3 |    5609 |    3529 |  38.6 |      17 |      18 |  51.4
     Lair:4 |    8559 |    6980 |  44.9 |      32 |      25 |  43.9
     Lair:5 |    4338 |     608 |  12.3 |      20 |       9 |  31.0
     Lair:6 |   10727 |    6952 |  39.3 |      39 |      42 |  51.9
      Orc:1 |     875 |       0 |   0.0 |      15 |       0 |   0.0
      Orc:2 |    3514 |    4738 |  57.4 |      16 |      41 |  71.9
      Elf:1 |   20526 |    8336 |  28.9 |      31 |      13 |  29.5
      Elf:2 |    3505 |       0 |   0.0 |       5 |       0 |   0.0
      Sewer |       0 |     236 | 100.0 |       0 |      19 | 100.0
     Bailey |       0 |    2001 | 100.0 |       0 |      27 | 100.0
     WizLab |       0 |    7305 | 100.0 |       0 |      20 | 100.0
   Gauntlet |       0 |    3282 | 100.0 |       0 |      14 | 100.0
            +---------+---------+-------+---------+---------+-------
